 Dungeon Crawl Stone Soup version 0.31-a0-229-g1fc7ce93e2 (webtiles) character file.

Game seed: 13254741850244567641

277 qw the Shooter (level 6, 0/37 HPs)
             Began as a Gargoyle Hexslinger on July 6, 2023.
             Killed by divine providence
             ... invoked by an orc priest
              (13 damage)
             ... on level 3 of the Dungeon.
             The game lasted 00:00:48 (1700 turns).

qw the Shooter (Gargoyle Hexslinger)                Turns: 1700, Time: 00:00:49

Health: 0/37       AC: 11    Str:  9    XL:     6   Next: 25%
Magic:  7/7        EV: 10    Int: 14    God:
Gold:   59         SH:  0    Dex: 21    Spells: 6/7 levels left

rFire   . . .        Y - +3 sling
rCold   + . .        (no shield)
rNeg    + . .        i - +1 ring mail of Kahimenet {rC+ Str-2 Dex+7}
rPois   inf          (no helmet)
rElec   +            (no cloak)
rCorr   .            h - +0 pair of gloves
SInv    .            (no boots)
Will    +....        (no amulet)
Stlth   +            f - ring of willpower
HPRegen 0.26/turn    a - +4 ring of slaying {mikee}
MPRegen 0.10/turn

%: no passive effects
@: no status effects
A: sickness immunity, AC +4, negative energy resistance 1, electricity
resistance, torment resistance 1, petrification resistance
a: no special abilities


You were on level 3 of the Dungeon.
You visited 1 branch of the dungeon, and saw 3 of its levels.

You collected 59 gold pieces.


Innate Abilities, Weirdness & Mutations

You are immune to sickness and miasma.
Your stone body is resilient. (AC +4)
You are immune to poison.
You resist negative energy. (rN+)
You are resistant to electric shocks. (rElec)
You are resistant to unholy torment.
You are immune to petrification.


   Skills:
 - Level 3.6 Fighting
 + Level 5.3 Ranged Weapons
 - Level 1.0 Armour
 - Level 1.5 Dodging
 - Level 1.0 Spellcasting
 - Level 2.6 Hexes


You had 6 spell levels left.
You knew the following spells:

 Your Spells              Type           Power      Damage    Failure   Level
a - Slow                  Hex            32%        N/A       24%         1

Your spell library contained the following spells:

 Spells                   Type           Power      Damage    Failure   Level
 Inner Flame              Hex/Fire       4%         N/A       77%         3
 Portal Projectile        Hex/Tloc       8%         N/A       77%         3
 Cause Fear               Hex            4%         N/A       94%         4

Inventory:

Hand Weapons
 Y - a +3 sling (weapon)
Armour
 h - a +0 pair of gloves (worn)
 i - the +1 ring mail of Kahimenet (worn) {rC+ Str-2 Dex+7}
   (You found it on level 2 of the Dungeon)

   Str:       It affects your strength (-2).
   Dex:       It affects your dexterity (+7).
   rC:        It protects you from cold.
Jewellery
 a - a +4 ring of slaying (right hand) {mikee}
 f - a ring of willpower (left hand)
Scrolls
 c - a scroll of identify
 d - a scroll of noise {unknown}
Potions
 b - a potion of mutation {unknown}

Dungeon Overview and Level Annotations

Branches:
Dungeon (3/15)

Altars:
Sif Muna


Message History

The orc is almost dead.
The orc hits you from afar with a +0 trident.
You shoot a sling bullet. The sling bullet hits the orc!
You kill the orc!
The orc priest calls down the wrath of Beogh upon something.
Beogh smites you!
You shoot a sling bullet. The sling bullet hits the orc wizard.
The orc wizard is lightly wounded.
The orc wizard mumbles some strange words.
The orc wizard flickers and vanishes!
The orc priest mumbles some strange prayers to Beogh against you.
Something writhes in agony!
You shoot a sling bullet. Something hits you but does no damage.
You shoot a sling bullet.
The sling bullet hits the orc but does no damage.
Something hits you but does no damage.
You shoot a sling bullet.
Reactivating autopickup.
You feel a bit more experienced.
You shoot a sling bullet. The sling bullet hits the orc priest.
The orc priest is lightly wounded.
Something hits you.
Deactivating autopickup; reactivate with Ctrl-A.
Autopickup is now on.
You shoot a sling bullet. The sling bullet barely misses the orc.
The sling bullet barely misses the orc priest.
Something hits you but does no damage.
Deactivating autopickup; reactivate with Ctrl-A.
The orc hits you but does no damage.
Autopickup is now on.
You shoot a sling bullet. The sling bullet hits the orc.
The orc is heavily wounded.
You hear some strange, mumbled words.
A magic dart appears from out of thin air!
Deactivating autopickup; reactivate with Ctrl-A.
The magic dart hits you! The orc hits you but does no damage.
The orc priest calls down the wrath of Beogh upon you.
Beogh smites you!
You die...

##### #####...###
###.......'..
...#####...###
###)8$8.#..'...'..
##@oo.$$_####...###
# #.{#.8$8.# #####
#.#.###$$$##
#.....######
#.......##.########
#.......'..........
#.......##(########
##......##.#
#......##.#


You could see an orc priest and an orc.

Vanquished Creatures
  An ice beast (D:3)
  A scorpion (D:3)
  2 orc wizards (D:3)
  2 adders
  A dart slug (D:1)
  7 orcs
  4 bats
  9 endoplasms
  4 giant cockroaches
  9 goblins
  6 hobgoblins
  3 kobolds
  3 quokkas
  4 ball pythons
  6 frilled lizards
  6 rats
68 creatures vanquished.

Notes
Turn   | Place    | Note
-------+----------+-------------------------------------------
     0 | D:1      | qw the Gargoyle Hexslinger began the quest for the Orb.
     0 | D:1      | Reached XP level 1. HP: 12/12 MP: 2/2
     0 | D:1      | 0 ||| qw: Version: 0.3-a-46-gb1f654a
     0 | D:1      | 0 ||| qw: Game counter: 1706
     0 | D:1      | 0 ||| qw: Melee chars always use a shield: true
     0 | D:1      | 0 ||| qw: God list: Okawaru
     0 | D:1      | 0 ||| qw: Allow faded altars: false
     0 | D:1      | 0 ||| qw: Do Orc after clearing Dungeon:15 true
     0 | D:1      | 0 ||| qw: Do second Lair branch before Depths: true
     0 | D:1      | 0 ||| qw: Lair rune preference: random
     0 | D:1      | 0 ||| qw: Goals: Normal
     0 | D:1      | 0 ||| PLANNING D:1-11
    69 | D:1      | Reached XP level 2. HP: 16/16 MP: 3/3
   130 | D:1      | Reached skill level 3 in Ranged Weapons
   265 | D:1      | Reached XP level 3. HP: 21/21 MP: 4/4
   470 | D:1      | 470 ||| UPGRADING to +0 ring mail.
   480 | D:1      | 480 ||| DROPPING +0 robe.
   481 | D:1      | 481 ||| UPGRADING to ring of willpower.
   482 | D:1      | 482 ||| READING scroll labelled JEHY TIRHO.
   487 | D:1      | 487 ||| DROPPING scroll of poison.
   511 | D:2      | 511 ||| STAIRDANCE
   560 | D:2      | 560 ||| STAIRDANCE
   651 | D:2      | Reached XP level 4. HP: 26/26 MP: 5/5
   730 | D:2      | Reached skill level 4 in Ranged Weapons
   956 | D:2      | Identified the +1 ring mail of Kahimenet {rC+ Str-2 Dex+7}
   962 | D:2      | Found a faded altar of an unknown god.
   966 | D:2      | Reached skill level 1 in Armour
   969 | D:2      | 969 ||| UPGRADING to +0 pair of gloves.
   974 | D:2      | 974 ||| UPGRADING to +1 ring mail of Kahimenet {rC+ Str-2
                  | Dex+7}.
   984 | D:2      | 984 ||| DROPPING +0 ring mail.
   985 | D:2      | 985 ||| UPGRADING to +4 ring of slaying {mikee}.
   986 | D:2      | 986 ||| READING scroll labelled FIS XAGGEUCUT.
  1087 | D:2      | 1087 ||| READING scroll labelled XUBBYMMUUSCH.
  1088 | D:2      | 1088 ||| READING scroll labelled YKOSSO XOXU.
  1328 | D:3      | Noticed a scorpion
  1334 | D:3      | Killed a scorpion
  1335 | D:3      | Reached skill level 5 in Ranged Weapons
  1335 | D:3      | Reached XP level 5. HP: 23/30 MP: 6/6
  1380 | D:3      | Noticed an ice beast
  1384 | D:3      | Killed an ice beast
  1385 | D:3      | Reached skill level 3 in Fighting
  1385 | D:3      | Reached XP level 6. HP: 37/37 MP: 7/7
  1393 | D:3      | 1393 ||| READING scroll of enchant weapon.
  1393 | D:3      | 1393 ||| ENCHANTING +2 sling.
  1424 | D:3      | Found a shimmering blue altar of Sif Muna.
  1700 | D:3      | Killed from afar by an orc priest

Levels and vault maps discovered:
D:1:      amcnicky_arrival_single_pillar, layout_rooms, hangedman_feature_mirror
D:2:      layout_rooms, dreamdust_ecumenical_altar_angels_and_demons
D:3:      wander_river, layout_basic, lemuel_blue_sif_altar,
          kennysheep_orc_chapel

Skill      XL: |  1  2  3  4  5 |
---------------+----------------+-----
Ranged Weapons | 3 5 |  5.3
Fighting       | 2 3 |  3.6
Armour         | 1 |  1.0
Dodging        | |  1.5
Spellcasting   | |  1.0
Hexes          | |  2.6

Action                     |  1- 3 |  4- 6 || total
---------------------------+-------+-------++-------
   Fire: Sling             |   102 |    95 ||   197
    Use: Scroll            |     1 |     4 ||     5
 Armour: Robe              |     9 |       ||     9
         Ring mail         |    14 |    34 ||    48
  Dodge: Dodged            |    46 |    25 ||    71

Table legend:
 A = Non-vault XP
 B = Vault XP
 C = Vault XP percentage of total XP
 D = Non-vault monster count
 E = Vault monster count
 F = Vault count percentage of total count
                 A         B        C        D         E       F
            +---------+---------+-------+---------+---------+-------
      Total |     367 |      29 |   7.3 |      62 |       6 |   8.8
            +---------+---------+-------+---------+---------+-------
        D:1 |      55 |       7 |  11.3 |      26 |       4 |  13.3
        D:2 |      49 |       0 |   0.0 |      18 |       0 |   0.0
        D:3 |     263 |      22 |   7.7 |      18 |       2 |  10.0
            +---------+---------+-------+---------+---------+-------
